[Event "Live Chess"]
[Site "Chess.com"]
[Date "2023.05.20"]
[Round "-"]
[White "ramses-IIG"]
[Black "Tushinskiy"]
[Result "0-1"]
[WhiteElo "825"]
[BlackElo "2098"]
[TimeControl "300"]
[EndTime "12:47:16 PDT"]
[Termination "Tushinskiy won by resignation"]

1. e4 e5 2. Nf3 d6 3. Bc4 Bg4 4. d3 Nd7 5. Qe2 Ngf6 6. Qe3 c6 7. Ng5 Bh5 8. g4 Bg6 9. h4 h6 10. h5 hxg5 11. hxg6 Rxh1+ 12. Ke2 d5 13. exd5 cxd5 14. Bb5 Bd6 15. Qxg5 Qe7 16. gxf7+ Kxf7 17. Be3 a6 18. Ba4 b5 19. Bb3 Nc5 20. Bxc5 Bxc5 21. Qf5 Qe6 22.
Qf3 Rh2 23. Nd2 Rxf2+ 24. Ke1 Rxf3 0-1

[Event "Live Chess"]
[Site "Chess.com"]
[Date "2023.05.20"]
[Round "-"]
[White "wot-not"]
[Black "WelshTiger"]
[Result "0-1"]
[WhiteElo "1483"]
[BlackElo "2406"]
[TimeControl "300"]
[EndTime "12:47:25 PDT"]
[Termination "WelshTiger won by checkmate"]

1. e4 c5 2. f4 d6 3. Nf3 Nc6 4. d4 cxd4 5. Bd3 e5 6. O-O Nf6 7. Bd2 Be7 8. Be1 exf4 9. Nbd2 Ne5 10. Nb3 Bg4 11. Be2 Nxf3+ 12. Bxf3 Bxf3 13. Qxf3 O-O 14. Qxf4 Nd7 15. Rd1 Ne5 16. Kh1 Rc8 17. Nxd4 Qb6 18. Bc3 Rxc3 19. bxc3 Ng6 20. Qf2 Qa5 21. Nf5 Bf6 22.
Nxd6 b6 23. Nf5 Qxc3 24. Rd3 Qc4 25. Ng3 Qxa2 26. Rf3 Be5 27. Rf5 Qe6 28. Qe2 a5 29.
Qb5 Rc8 30. h4 Rc5 31. Qa6 Rc7 32. h5 Nf8 33. Qa8 Bxg3 34. e5 Qc4 35. Qd8 Qh4+ 36. Kg1 Qh2# 0-1

[Event "Live Chess"]
[Site "Chess.com"]
[Date "2023.05.20"]
[Round "-"]
[White "LutherSullivan"]
[Black "ACx04"]
[Result "1-0"]
[WhiteElo "1973"]
[BlackElo "429"]
[TimeControl "300"]
[EndTime "12:47:36 PDT"]
[Termination "LutherSullivan won by checkmate"]

1. d4 d5 2. Nf3 Bf5 3. c4 dxc4 4. Qa4+ Qd7 5. Qxc4 Nc6 6. Nc3 e6 7. e4 Bg6 8. Be3 O-O-O 9. Qa4 a6 10. Rc1 Nf6 11.
Bxa6 bxa6 12. Qxa6+ Kb8 13. d5 Na7 14. Qxa7+ Kc8 15. Qa8# 1-0

[Event "Live Chess"]
[Site "Chess.com"]
[Date "2023.05.20"]
[Round "-"]
[White "MrDodgy"]
[Black "Salpingidis"]
[Result "1/2-1/2"]
[WhiteElo "2286"]
[BlackElo "2285"]
[TimeControl "300"]
[EndTime "12:47:37 PDT"]
[Termination "Game drawn - insufficient material"]

1. e4 e6 2. d4 d5 3. Nc3 dxe4 4. Nxe4 Nd7 5. Nf3 Ngf6 6. Nxf6+ Nxf6 7. Bd3 Be7 8. Qe2 O-O 9. Bf4 c5 10. dxc5 Qa5+ 11.
Bd2 Qxc5 12. O-O-O Bd7 13. g4 Bc6 14. g5 Nd5 15. Ne5 Nb4 16. Nxc6 Nxd3+ 17. Qxd3 bxc6 18.
f4 Rab8 19. Bc3 Qd5 20. Kb1 Qxd3 21. Rxd3 Rfd8 22. Rhd1 Rxd3 23. Rxd3 Rd8 24. Rxd8+ Bxd8 25. h4 f6 26. Kc1 Kf7 27. Kd2 Bc7 28. Ke3 e5 29.
fxe5 fxe5 30. Ke4 Ke6 31. b4 g6 32. a4 a6 33. Bb2 Bd6 34. Bc3 Bc7 35. Be1 Bb6 36. Bg3 Bd4 37. c4 Bc3 38. b5 cxb5 39.
cxb5 axb5 40. axb5 Bd4 41. Be1 Kd6 42. Bb4+ Kc7 43.
Ba5+ Kb7 44. Kd5 Bf2 45. Kxe5 Bxh4 46. Bd8 Bxg5 47. Bxg5 Kb6 48. Kf6 Kxb5 49. Kg7 h5 50. Kxg6 h4 51. Bxh4 1/2-1/2

[Event "Live Chess"]
[Site "Chess.com"]
[Date "2023.05.20"]
[Round "-"]
[White "viktorskliarov"]
[Black "DmitryVasliev"]
[Result "1-0"]
[WhiteElo "2652"]
[BlackElo "1661"]
[TimeControl "300"]
[EndTime "12:47:49 PDT"]
[Termination "viktorskliarov won by resignation"]

1. e4 d6 2. d4 c6 3. Nc3 g6 4. Be3 Bg7 5. f3 Nd7 6. Qd2 b5 7. O-O-O Nb6 8. Bd3 a5 9. g4 a4 10. a3 Nc4 11. Bxc4 bxc4 12. Na2 Rb8 13. Nb4 Qb6 14.
Ne2 Be6 15. Nc3 Qb7 16. h4 h6 17. g5 h5 18. Qe2 d5 19. Nxa4 Qc8 20. Nc5 Rxb4 21.
axb4 Bd7 22. Kd2 e6 23. Ra1 Ne7 24. Ra7 O-O 25. Nxd7 Rd8 26. Nf6+ Bxf6 27. gxf6 c3+ 28. bxc3 dxe4 29. fxe7 Re8 30. fxe4 Qb8 31. Rha1 Kg7 32. Qf2 f6 33. Bf4 e5 34. dxe5 fxe5 35. Bg5 Qd6+ 36. Kc1 Qe6 37. Ra8 Rxa8 38. Rxa8 1-0

[Event "Live Chess"]
[Site "Chess.com"]
[Date "2023.05.20"]
[Round "-"]
[White "omisoc"]
[Black "mightysmasher"]
[Result "0-1"]
[WhiteElo "2183"]
[BlackElo "2119"]
[TimeControl "300"]
[EndTime "12:47:49 PDT"]
[Termination "mightysmasher won by resignation"]

1. b3 e5 2. Bb2 d6 3. e3 Nf6 4. d4 exd4 5. exd4 Be7 6. Be2 O-O 7.
Nf3 b6 8. O-O Bb7 9. Nbd2 Nbd7 10. Re1 c5 11. Bd3 d5 12. Nf1 Bd6 13. Ng3 Qc7 14.
c4 Rfe8 15. Nf5 Ne4 16. Nxd6 Qxd6 17. cxd5 Bxd5 18. Qc2 f5 19. dxc5 Ndxc5 20. Bc4 Bxc4 21. Qxc4+ Kh8 22. Rad1 Qg6 23. Ne5 Qe6 24. f3 Qxc4 25.
Nxc4 Ng5 26. Rxe8+ Rxe8 27. Kf2 Nf7 28. Rd7 Nxd7 0-1

[Event "Live Chess"]
[Site "Chess.com"]
[Date "2023.05.20"]
[Round "-"]
[White "FlyingChessKestrel13"]
[Black "Delacorta"]
[Result "1-0"]
[WhiteElo "2126"]
[BlackElo "1449"]
[TimeControl "300"]
[EndTime "12:47:50 PDT"]
[Termination "FlyingChessKestrel13 won by resignation"]

1. d4 e6 2. Nf3 f5 3. g3 Nf6 4. Bg2 c6 5. O-O d5 6. c4 h6 7.
Nc3 g5 8. Ne5 Nbd7 9. e3 Nxe5 10. dxe5 Ne4 11. Qh5+ Kd7 12. Nxe4 fxe4 13. cxd5 exd5 14.
Bh3+ Kc7 15. Bxc8 Rxc8 16. b3 Bg7 17. e6 Bxa1 18. Qf7+ Kb8 19. Ba3 Bf6 20. e7 Bxe7 21.
Bxe7 Qe8 22. Qf6 Ka8 23. Rc1 Rh7 24. Bb4 Rf7 25. Qxh6 Qe5 26. Bc3 Qc7 27. Qxg5 Rcf8 28. Be5 Qe7 29. Qxe7 Rxe7 30. Bd6 Rff7 31. Bxe7 Rxe7 32.
h4 Kb8 33. Kg2 Kc7 34. g4 Kd6 35. Kg3 Ke5 36. g5 Rf7 37. Rf1 Rf3+ 38. Kg4 d4 39. exd4+ Kxd4 40. g6 e3 41. Kxf3 e2 42. Kxe2 1-0

[Event "Live Chess"]
[Site "Chess.com"]
[Date "2023.05.20"]
[Round "-"]
[White "LiamClery2020"]
[Black "birdseed45"]
[Result "1/2-1/2"]
[WhiteElo "2071"]
[BlackElo "1876"]
[TimeControl "300"]
[EndTime "12:47:55 PDT"]
[Termination "Game drawn by agreement"]

1. e4 c5 2. Nf3 Nc6 3. Bb5 d6 4. Bxc6+ bxc6 5. O-O e5 6. h3 f5 7. exf5 Bxf5 8. Re1 Nf6 9. d4 cxd4 10. Nxd4 Bd7 11.
f4 e4 12. Nc3 d5 13. f5 Bc5 14. Be3 O-O 15. g4 Qb6 16. Na4 Qa5 17. Nxc5 Qxc5 18.
Ne6 Qd6 19. Nxf8 Qg3+ 20. Kf1 Qxh3+ 21. Kg1 Nxg4 22. Qe2 Rxf8 23. Qg2 Qxg2+ 24. Kxg2 Rxf5 25.
Bd4 Rg5 26. Kg3 Rg6 27. Kh4 Nh6 28. Rf1 Nf5+ 29. Rxf5 Bxf5 30. Rf1 Bd7 31. Bc5 Rf6 32. Rxf6 gxf6 33. Bxa7 Kf7 34. Bc5 Kg6 35. Kg3 f5 36. Kf4 h5 37. Bf2 Kf6 38. c3 Bc8 39. b4 Ba6 40. a4 Bc4 41. a5 Ke6 42. Bh4 Be2 43. Bf2 Bd3 44. Bh4 Kd6 45. Bf2 h4 46. Bxh4 c5 47.
Bf2 cxb4 48. cxb4 Kc6 49. Bc5 Kb5 50. Ke3 Bc4 51. Bd6 Kc6 52. Bc5 Kb5 1/2-1/2

[Event "Live Chess"]
[Site "Chess.com"]
[Date "2023.05.20"]
[Round "-"]
[White "JoshMcK"]
[Black "Duke_of_Bebington"]
[Result "0-1"]
[WhiteElo "1558"]
[BlackElo "1609"]
[TimeControl "300"]
[EndTime "12:47:56 PDT"]
[Termination "Duke_of_Bebington won by resignation"]

1. e4 e5 2. Nf3 Nf6 3. Nxe5 d6 4. Nf3 Nxe4 5. d4 d5 6. Bd3 Bd6 7. O-O O-O 8. c4 c6 9. cxd5 cxd5 10. Nc3 Nxc3 11. bxc3 Bg4 12. h3 Bh5 13. Be2 Re8 14.
Ne5 Bxe2 15. Qxe2 f6 16. Bf4 fxe5 17. Bxe5 Bxe5 18. dxe5 Nc6 19. f4 Qb6+ 20. Qf2 Qxf2+ 21. Rxf2 Kf7 22. g4 g6 23. Re1 d4 24. cxd4 Nxd4 25.
f5 gxf5 26. gxf5 Rg8+ 27. Kh1 Rg5 28. e6+ Kf6 29. e7 Re8 30. Re4 Rxf5 31. Rxf5+ Nxf5 32.
Rb4 Rxe7 33. Kg2 b6 34. Kf3 h5 35. a4 Re3+ 36. Kg2 Ra3 37. Kh2 Ke6 38. Kg2 Rg3+ 39.
Kh2 Ra3 40. Kg2 Ke5 41. Kh2 Nd4 42. Kg2 Kd5 0-1

[Event "Live Chess"]
[Site "Chess.com"]
[Date "2023.05.20"]
[Round "-"]
[White "hturner40"]
[Black "Ninifu"]
[Result "0-1"]
[WhiteElo "1773"]
[BlackElo "2018"]
[TimeControl "300"]
[EndTime "12:47:58 PDT"]
[Termination "Ninifu won on time"]

1. g3 Nf6 2. Bg2 g6 3. e4 d6 4. Ne2 Bg7 5. d4 O-O 6. h3 c6 7. Be3 Nbd7 8. Nbc3 e5 9. Qd2 Re8 10. a4 a5 11. O-O Nb6 12. b3 Nbd7 13. Rad1 Qc7 14. f4 exd4 15. Bxd4 Nc5 16. Bxc5 dxc5 17. e5 Nd7 18. Ne4 Nf8 19. Nxc5 Ne6 20. Nxe6 Bxe6 21.
Qe3 Rad8 22. Nc3 Bh6 23. Ne4 Qxe5 24. Rxd8 Rxd8 25. Qb6 Qd4+ 26. Qxd4 Rxd4 27. Nc5 Bc8 28. Re1 Kf8 29. Re2 b6 30. Nd3 c5 31. Bc6 Be6 32.
Kf2 Ke7 33. Ke3 Kd6 34. Bf3 Bd5 0-1

[Event "Live Chess"]
[Site "Chess.com"]
[Date "2023.05.20"]
[Round "-"]
[White "Brooms1989"]
[Black "Man-Del-Brot"]
[Result "1-0"]
[WhiteElo "1020"]
[BlackElo "1078"]
[TimeControl "300"]
[EndTime "12:47:58 PDT"]
[Termination "Brooms1989 won by checkmate"]

1. e4 e5 2. Nc3 Nf6 3. f4 Nc6 4. fxe5 Nxe5 5. d4 Nc6 6. e5 Ng8 7. Nf3 d6 8. exd6 Bxd6 9. Bd3 Qe7+ 10. Ne2 Bg4 11. O-O O-O-O 12. c3 h5 13. h3 Bxf3 14.
Rxf3 g5 15. Qf1 Rf8 16. a4 g4 17. Rf5 gxh3 18. gxh3 Rh7 19. Bg5 Rg7 20. Bc4 Rxg5+ 21. Rxg5 Qxg5+ 22. Kh1 Nh6 23. Re1 Bg3 24. Nxg3 Qxg3 25.
Be6+ Kb8 26. Bxf7 Rxf7 27. Re8+ Nd8 28. Rxd8# 1-0

[Event "Live Chess"]
[Site "Chess.com"]
[Date "2023.05.20"]
[Round "-"]
[White "Fazer180"]
[Black "fretle"]
[Result "1-0"]
[WhiteElo "1737"]
[BlackElo "1851"]
[TimeControl "300"]
[EndTime "12:48:03 PDT"]
[Termination "Fazer180 won on time"]

1. e4 e6 2. d4 b6 3. Nc3 Bb7 4. Nf3 Bb4 5. Bd3 d5 6. e5 c5 7. a3 Bxc3+ 8. bxc3 c4 9. Be2 Ne7 10. O-O Nbc6 11. a4 Qd7 12. Ba3 O-O 13. Bd6 f6 14. h3 Rf7 15. Nh2 fxe5 16. dxe5 Ng6 17. Nf3 Nge7 18. Ng5 Rf5 19. Qd2 Ng6 20. Bg4 Ngxe5 21. Bxf5 exf5 22. Bxe5 Nxe5 23. f4 Ng6 24. Rfe1 h6 25.
Nf3 Qd6 26. Ne5 Nxe5 27. Rxe5 Rd8 28. Rxf5 Qg6 29. Re5 d4 30. cxd4 Be4 31. c3 Bd3 32. Rae1 Qc6 33. Qa2 Rf8 34. Qf2 Qxa4 35. Re7 a5 36.
Qg3 g6 37. Qh4 h5 38. Qg5 Qc6 39. R1e6 Qa4 40. Qxg6+ Bxg6 41. Rxg6+ Kh8 42. Rh6+ Kg8 43. Rhh7 Rxf4 44. Rhg7+ Kf8 45. Rb7 Qd1+ 46. Kh2 Rf1 47. Rgd7 Rh1+ 48. Kg3 Qe1+ 49. Kf4 Rf1+ 50. Kg5 Qd2+ 51.
Kh4 Qf2+ 52. g3 Qf6+ 53. Kxh5 1-0

[Event "Live Chess"]
[Site "Chess.com"]
[Date "2023.05.20"]
[Round "-"]
[White "reshmiramachandran"]
[Black "Ayush_prahlad_Gupta"]
[Result "0-1"]
[WhiteElo "515"]
[BlackElo "1786"]
[TimeControl "300"]
[EndTime "12:48:09 PDT"]
[Termination "Ayush_prahlad_Gupta won by checkmate"]

1. d4 e5 2. dxe5 d6 3. Nf3 Nc6 4. Bg5 f6 5. Bxf6 Nxf6 6. Nc3 dxe5 7. Qxd8+ Nxd8 8. Nxe5 Be6 9. O-O-O Nc6 10. Nxc6 bxc6 11. e3 Bb4 12. a3 Bxc3 13. bxc3 Rb8 14. Bd3 Nd5 15. c4 Nc3 16. Kd2 O-O 17. Kxc3 Rxf2 18. Rdf1 Rxg2 19. Rfg1 Rf2 20. h4 Re8 21. h5 h6 22. Rg3 Bf7 23. Rhg1 Bxh5 24. Rxg7+ Kf8 25. Rg8+ Ke7 26. R1g7+ Kf6 27. Rxe8 Kxg7 28. Re7+ Kf6 29. Rxc7 Bf3 30. Rxa7 h5 31. Ra5 h4 32. Rf5+ Ke6 33. Rf4 h3 34. Rh4 h2 35. Rh6+ Kd7 36. Bf5+ Kc7 37. Rh7+ Kb6 38. c5+ Kxc5 39. a4 h1=Q 40. Rxh1 Bxh1 41. a5 Rxf5 42. a6 Rf8 43. a7 Ra8 44. e4 Rxa7 45. e5 Bd5 46. e6 Bxe6 47. Kd3 Ra4 48. c3 Rc4 49. Kc2 Bf5+ 50. Kb3 Kb5 51. Kb2 Ka4 52. Ka2 Rxc3 53. Kb2 Rc5 54. Ka2 Rb5 55. Ka1 c5 56. Ka2 c4 57.
Ka1 c3 58. Ka2 c2 59. Ka1 c1=Q+ 60. Ka2 Be6# 0-1

[Event "Live Chess"]
[Site "Chess.com"]
[Date "2023.05.20"]
[Round "-"]
[White "apl_trainer"]
[Black "Andysav3"]
[Result "1-0"]
[WhiteElo "1685"]
[BlackElo "1689"]
[TimeControl "300"]
[EndTime "12:48:13 PDT"]
[Termination "apl_trainer won by resignation"]

1. d4 Nf6 2. c4 e5 3. dxe5 Ng4 4. Bf4 g5 5. Bg3 Bg7 6. Nf3 Nc6 7. Qd5 Qe7 8. Nc3 Ngxe5 9. Nxe5 Nxe5 10. h4 g4 11.
h5 h6 12. e3 d6 13. Qd2 Be6 14. Nd5 Qd7 15. Rc1 c6 16. Nf4 O-O-O 17. Be2 Kb8 18. O-O Ka8 19. Rfd1 Rhe8 20. b4 d5 21. Nxe6 fxe6 22.
b5 Rc8 23. bxc6 Qxc6 24. cxd5 Qxd5 25. Qxd5 exd5 26. Rxc8+ Rxc8 27. Rxd5 Nc6 28. Bxg4 Nb4 29. Rd7 Bf6 30. Rf7 Rc1+ 31. Kh2 1-0

[Event "Live Chess"]
[Site "Chess.com"]
[Date "2023.05.20"]
[Round "-"]
[White "Olisingapore"]
[Black "Greenbecker"]
[Result "1/2-1/2"]
[WhiteElo "1896"]
[BlackElo "1641"]
[TimeControl "300"]
[EndTime "12:48:13 PDT"]
[Termination "Game drawn by agreement"]

1. d4 d5 2. c4 e6 3. Nf3 Nf6 4. g3 Bb4+ 5. Nbd2 Ne4 6. Bg2 Nxd2 7. Bxd2 Bxd2+ 8. Qxd2 c6 9. O-O O-O 10. Qc2 Nd7 11. e4 b6 12. Rfe1 Bb7 13. Ne5 Nxe5 14. dxe5 Rc8 15. exd5 cxd5 16. Qa4 Rxc4 17. Qxa7 Qc7 18.
Qa3 Rc8 19. b3 Rc5 20. Qa4 Bc6 21. Qf4 Be8 22. Bf1 Rc2 23. Bd3 Rc3 24. Rac1 Rxc1 25. Rxc1 Qd7 26. a4 Rxc1+ 27. Qxc1 Qc6 28. Qxc6 Bxc6 29.
Kf1 Kf8 30. Ke2 Ke7 31. Ke3 g6 32. f4 f6 33. Kd4 f5 34. Bb5 Kd7 35. Bxc6+ Kxc6 36. b4 h6 37. h4 h5 38. Kd3 Kc7 39. Kd4 Kc6 40. Kc3 Kc7 41. b5 Kb7 42. Kb4 Kc7 43.
a5 bxa5+ 44. Kxa5 Kb7 45. b6 d4 46. Kb4 d3 47. Kc3 d2 48. Kxd2 Kxb6 49. Kd3 Kc5 50. Ke3 Kd5 51. Kd3 Kc5 1/2-1/2

[Event "Live Chess"]
[Site "Chess.com"]
[Date "2023.05.20"]
[Round "-"]
[White "Doge_Dandolo"]
[Black "EdvancedChess"]
[Result "1-0"]
[WhiteElo "2018"]
[BlackElo "1914"]
[TimeControl "300"]
[EndTime "12:48:28 PDT"]
[Termination "Doge_Dandolo won by resignation"]

1. Nf3 Nf6 2. c4 e6 3. g3 d5 4. Bg2 c6 5. O-O Be7 6. d4 O-O 7. Qc2 Nbd7 8. Nbd2 h6 9. e4 dxe4 10. Nxe4 Nb6 11. Rd1 Re8 12. Ne5 Qc7 13. Bf4 Qd8 14.
a4 a5 15. h3 Nh5 16. Be3 f5 17. Nc5 Nf6 18. Qb3 Nbd7 19. Nxe6 Nxe5 20. Nxd8 Ng6 21. Nxb7 Rb8 22. Bxc6 Bxb7 23. Bxb7 Ne4 24. Bd5+ Kh7 25.
Qd3 Bb4 26. g4 Nf6 27. gxf5 Nh4 28. Bc6 Re7 29. d5 Nf3+ 30. Kg2 Ne5 31. Qc2 Rf8 32. d6 Ref7 33. Bb5 Nh5 34. Bd4 Nd7 35. f6+ g6 36. c5 Ndxf6 37. Bxf6 Rxf6 38. d7 Nf4+ 39. Kh2 Rd8 40. c6 Ne6 41. c7 Nxc7 42. Qxc7 Bd6+ 43. Qxd6 Rdf8 1-0

[Event "Live Chess"]
[Site "Chess.com"]
[Date "2023.05.20"]
[Round "-"]
[White "EdenHazard8"]
[Black "chessfiction"]
[Result "0-1"]
[WhiteElo "2094"]
[BlackElo "2420"]
[TimeControl "300"]
[EndTime "12:48:31 PDT"]
[Termination "chessfiction won by resignation"]

1. e4 e6 2. d4 d5 3. Nd2 c5 4.
Ngf3 cxd4 5. Nxd4 Nf6 6. exd5 Qxd5 7. N2f3 Bc5 8. Be3 O-O 9. c4 Qh5 10. Qc2 e5 11. Nb3 Bf5 12. Qc3 Ne4 13. Qxe5 Nc6 14.
Qf4 Bb4+ 15. Nfd2 Rfe8 16. Be2 Qg6 17. O-O Nxd2 18. Nxd2 Bxd2 19. Bxd2 Rxe2 20. Be3 Re8 21. Rad1 R8xe3 22. g4 Qxg4+ 23. Qxg4 Bxg4 24. fxe3 Rxe3 25. Rd6 h5 26. b4 Nxb4 27. Rd8+ Kh7 28. Rxf7 Nd3 29.
Rxb7 Bh3 30. Rb1 Nf4 31. Kf2 Ra3 32. Rb3 Rxa2+ 33. Kg3 g5 34. Rb7+ Kg6 35. Rbb8 h4+ 36. Kf3 Ra3+ 37. Ke4 Bf5+ 38. Kd4 Ne6+ 39. Ke5 Nxd8 40.
Rxd8 Re3+ 41. Kd6 Rd3+ 42. Kc7 Rxd8 43. Kxd8 a5 44. c5 a4 45. c6 a3 46. c7 a2 47.
c8=Q Bxc8 48. Kxc8 a1=Q 49. Kd7 Qe5 0-1

[Event "Live Chess"]
[Site "Chess.com"]
[Date "2023.05.20"]
[Round "-"]
[White "Ferrarifan27"]
[Black "Tushinskiy"]
[Result "0-1"]
[WhiteElo "2059"]
[BlackElo "2105"]
[TimeControl "300"]
[EndTime "12:48:44 PDT"]
[Termination "Tushinskiy won by resignation"]

1. e4 e5 2. Nf3 d6 3. d4 Bg4 4.
dxe5 Nd7 5. exd6 Bxd6 6. Be2 Qe7 7. h3 Bh5 8. Nc3 Ngf6 9. Bg5 O-O-O 10. Nd5 Qxe4 11.
Nxf6 Nxf6 12. Bxf6 Bb4+ 13. Nd2 Rxd2 14. Qxd2 Bxd2+ 0-1

[Event "Live Chess"]
[Site "Chess.com"]
[Date "2023.05.20"]
[Round "-"]
[White "SupremeTactician"]
[Black "KeithArkell"]
[Result "1/2-1/2"]
[WhiteElo "2376"]
[BlackElo "2610"]
[TimeControl "300"]
[EndTime "12:48:52 PDT"]
[Termination "Game drawn by repetition"]

1. e4 c6 2. d4 d5 3. Nc3 dxe4 4. Nxe4 Nd7 5. Ng5 Ngf6 6. Bd3 Nb6 7. c3 h6 8. Ne4 Nxe4 9. Bxe4 Nd5 10. Nf3 Nf6 11.
Bc2 Bg4 12. h3 Bxf3 13. Qxf3 e6 14. Bf4 Qd5 15. Qe2 Qxg2 16. O-O-O Qd5 17. c4 Qh5 18. Qe3 Be7 19. Rdg1 b5 20. Bd1 Qf5 21. Bc2 Qh5 22. Bd1 Qf5 23. Bc2 Qh5 1/2-1/2

[Event "Live Chess"]
[Site "Chess.com"]
[Date "2023.05.20"]
[Round "-"]
[White "LanceMaster23"]
[Black "CheckThis4"]
[Result "1/2-1/2"]
[WhiteElo "1873"]
[BlackElo "2550"]
[TimeControl "300"]
[EndTime "12:49:01 PDT"]
[Termination "Game drawn - timeout vs insufficient material"]

1. Nf3 c5 2. c3 g6 3. d4 Bg7 4.
Bf4 b6 5. e3 Bb7 6. Nbd2 Nf6 7.
h3 d6 8. Be2 Nbd7 9. O-O O-O 10. Re1 a6 11. Qb3 Rc8 12. a4 Bc6 13. Bxa6 Ra8 14. Bb5 Qc8 15. e4 Nh5 16. Bh2 e5 17. dxe5 dxe5 18. Nc4 Qc7 19. Ncxe5 Nxe5 20. Nxe5 Bxb5 21.
Nxg6 Qb7 22. Nxf8 Bc6 23. Ne6 fxe6 24. Qxe6+ Kh8 25. Be5 Re8 26. Bxg7+ Nxg7 27. Qg4 Qe7 28. a5 bxa5 29. Rxa5 Ne6 30. Qf5 Qg7 31. f3 Bd7 32. Qg4 Qf6 33. Rd1 Rg8 34. Rxd7 Rxg4 35. hxg4 Nf8 36.
Ra8 Qf4 37. Rdd8 Qc1+ 38. Kh2 Qf4+ 39. Kg1 Qc1+ 40. Kh2 Kg7 41. Rxf8 Qh6+ 42. Kg3 Qd6+ 43. Rf4 c4 44. Rf8 h6 45. Rf7+ Kg8 46. Rf8+ Kg7 47.
Kh3 Qe7 48. R4f7+ Qxf7 49. Rxf7+ Kxf7 50. f4 Kg6 51. Kg3 Kf6 52. g5+ Kg6 53. gxh6 Kxh6 54. Kg4 Kg7 55. f5 Kf6 56. Kf4 Ke7 57. e5 Kd7 58. g4 Kc6 59. g5 Kc5 60. g6 Kb5 61. Ke4 Ka4 62. Kd4 Kb3 63. e6 Kxb2 64. Kxc4 Kc2 65. e7 Kd2 66. e8=Q Kc1 67. Qe3+ Kb2 68. Qd2+ Kb1 1/2-1/2

[Event "Live Chess"]
[Site "Chess.com"]
[Date "2023.05.20"]
[Round "-"]
[White "yarek"]
[Black "MarkLim1"]
[Result "1-0"]
[WhiteElo "1894"]
[BlackElo "1663"]
[TimeControl "300"]
[EndTime "12:49:05 PDT"]
[Termination "yarek won by resignation"]

1. e4 e6 2. d4 d5 3. exd5 exd5 4. Bd3 Nc6 5. c3 Bd6 6. Nf3 Nge7 7. Bg5 f6 8. Bh4 Bg4 9. O-O Qd7 10. Nbd2 O-O-O 11. Qc2 g5 12. Bg3 h5 13. Bxd6 Qxd6 14. b4 h4 15. b5 Na5 16. a4 Bxf3 17. Nxf3 g4 18. Bf5+ Nxf5 19. Qxf5+ Kb8 20. Qxg4 Rdg8 21. Qf5 h3 22. g3 Nc4 23. Rfe1 Re8 24. Rxe8+ Rxe8 25. Qxh3 b6 26. Qh5 Re2 27. Ne5 Rc2 28. Nc6+ Kb7 29. Qe8 1-0

[Event "Live Chess"]
[Site "Chess.com"]
[Date "2023.05.20"]
[Round "-"]
[White "SiDebanks"]
[Black "JackRudd"]
[Result "0-1"]
[WhiteElo "1385"]
[BlackElo "2462"]
[TimeControl "300"]
[EndTime "12:49:09 PDT"]
[Termination "JackRudd won on time"]

1. d4 Nf6 2. Nc3 d5 3. Bf4 c6 4. e3 Bf5 5. f3 e6 6. g4 Bg6 7. h4 h6 8. h5 Bh7 9. Bd3 Bxd3 10.
Qxd3 Qb6 11. Rb1 Na6 12. Na4 Qa5+ 13. Nc3 Nb4 14. Qd2 c5 15. a3 Nc6 16. dxc5 Qxc5 17. Nge2 b5 18. Nd4 Nxd4 19. Qxd4 Qxd4 20. exd4 a6 21. Kf2 Kd7 22. Ke3 Rc8 23. Rhc1 Be7 24. Nd1 Rc6 25. Nf2 Rhc8 26. c3 Ne8 27. Nd3 f6 28. Bg3 a5 29. Re1 Nd6 30. Kf2 Nc4 31. Nf4 b4 32. axb4 axb4 33. Re2 Bd6 34. Rbe1 Bxf4 35.
Bxf4 bxc3 36. bxc3 Na3 37. Bd2 Nb5 38. Kg3 Ra8 39.
Rc1 Ra2 40. Kf2 Ra3 41. Re3 Nd6 42. Be1 Nc4 43. Re2 Rca6 44. Rec2 Ra2 45. Rxa2 Rxa2+ 46. Kf1 Ne3+ 47. Kg1 Rc2 48. Rxc2 Nxc2 49. Bd2 Kc6 50. Kf2 Kb5 51. Ke2 Kc4 52. Kd1 Kd3 53. f4 Ne3+ 54.
Bxe3 Kxe3 55. f5 exf5 0-1

[Event "Live Chess"]
[Site "Chess.com"]
[Date "2023.05.20"]
[Round "-"]
[White "ethanredball"]
[Black "Dark_Night123"]
[Result "1-0"]
[WhiteElo "753"]
[BlackElo "1559"]
[TimeControl "300"]
[EndTime "12:49:15 PDT"]
[Termination "ethanredball won by resignation"]

1. d4 Nf6 2. Bf4 e6 3. Nf3 c5 4.
dxc5 Bxc5 5. Nc3 Nc6 6. Nb5 Bb6 7. Nc3 O-O 8. e3 d5 9. Bd3 Nh5 10. Bg3 Nf6 11. e4 1-0

[Event "Live Chess"]
[Site "Chess.com"]
[Date "2023.05.20"]
[Round "-"]
[White "Mugzwang"]
[Black "mpersander"]
[Result "0-1"]
[WhiteElo "895"]
[BlackElo "1011"]
[TimeControl "300"]
[EndTime "12:49:20 PDT"]
[Termination "mpersander won on time"]

1. Nf3 Nf6 2. d4 g6 3. g3 Bg7 4.
Bg2 O-O 5. O-O d5 6. b3 Nc6 7. Bb2 Bf5 8. c4 Nb4 9. Na3 b6 10. Bc3 Qd6 11. Qd2 Ne4 12. Qe1 Nxc3 13. Qxc3 c5 14.
Nb5 Qd7 15. Ne5 Bxe5 16. dxe5 d4 17. Qf3 a6 18. Na3 Qe6 19. Qf4 Rad8 20. e4 Bh3 21.
Bxh3 Qxh3 22. Rfd1 Qe6 23. Rac1 Nxa2 24. Ra1 Nc3 25. Re1 a5 26. Nb5 f6 27. Nc7 Qc6 28. Nd5 Nxd5 29. exd5 Qc7 30. exf6 Qxf4 31. gxf4 exf6 32.
Re6 f5 33. Rxb6 Rb8 34. Rb5 Rxb5 35. cxb5 Rb8 36. Rxa5 Kf7 37. Kf1 Kf6 38. Ke2 g5 39. fxg5+ Kxg5 40. Kd3 h5 41. Kc4 Kf4 42. Kxc5 d3 43.
Ra4+ Kf3 44. Rd4 Rc8+ 45. Kb4 Ke2 46. d6 d2 47. d7 Rd8 48. Kc5 d1=Q 49. Rxd1 Kxd1 50.
Kc6 Ke1 51. Kc7 Rxd7+ 52. Kxd7 Kxf2 0-1

[Event "Live Chess"]
[Site "Chess.com"]
[Date "2023.05.20"]
[Round "-"]
[White "SavagePawn7"]
[Black "manthanit"]
[Result "0-1"]
[WhiteElo "788"]
[BlackElo "1010"]
[TimeControl "300"]
[EndTime "12:49:27 PDT"]
[Termination "manthanit won on time"]

1. e4 e6 2. d4 d5 3. c4 c5 4. cxd5 exd5 5. dxc5 Bxc5 6. exd5 Nf6 7. Nc3 Bb4 8. Qa4+ Nc6 9. dxc6 Bxc3+ 10. bxc3 bxc6 11. Qxc6+ Bd7 12. Qc4 O-O 13. Ba3 Re8+ 14. Be2 Bg4 15. Nf3 Rc8 16. Rd1 Qxd1+ 17. Kxd1 Rxc4 18.
Bxc4 Ne4 19. Rf1 Nxc3+ 20. Kc2 Ne4 21. Re1 Bf5 22. Bd3 Rc8+ 23. Kb2 g6 24. Bxe4 Bxe4 25. Rxe4 f5 26. Re7 Rb8+ 27. Kc2 Rc8+ 28. Kd2 Rd8+ 29. Ke2 Rc8 30. Nd4 Rd8 31. Ne6 Rd5 32. Ng5 h6 33.
Ne6 Ra5 34. Bd6 Rxa2+ 35. Kf3 a5 36. Re8+ Kf7 37. Rh8 Kxe6 0-1

[Event "Live Chess"]
[Site "Chess.com"]
[Date "2023.05.20"]
[Round "-"]
[White "KuriyamaMiraiUA"]
[Black "LaupMiths"]
[Result "0-1"]
[WhiteElo "689"]
[BlackElo "1808"]
[TimeControl "300"]
[EndTime "12:49:27 PDT"]
[Termination "LaupMiths won by checkmate"]

1. d4 d5 2. c4 e6 3. Nc3 c5 4.
Nf3 Nc6 5. e3 Nf6 6. Bd3 cxd4 7.
exd4 Be7 8. O-O O-O 9. b3 b6 10. Re1 Bb7 11. Ne5 dxc4 12. Bxc4 a6 13. Nxc6 Bxc6 14.
Bf4 Nd5 15. Nxd5 Bxd5 16. Bxd5 Qxd5 17. Re5 Qd7 18. Rc1 Bf6 19. Re4 Rac8 20. Be5 Rxc1 21.
Qxc1 Rc8 22. Qd2 Qd5 23. Bxf6 Qxe4 24. Be5 Rc2 25. Qe3 Qxe3 26. fxe3 Rxa2 27. Bc7 b5 28. h3 Rb2 29. Kh2 Rxb3 30. Kg3 Rxe3+ 31. Kf4 Rc3 32. Ke5 Rxc7 33. Kd6 Rc4 34. Ke7 a5 35. Ke8 a4 36.
d5 exd5 37. h4 a3 38. g4 a2 39. g5 a1=Q 40. g6 Qe1+ 41. Kd7 Qe6+ 42. Kd8 Rc8# 0-1

[Event "Live Chess"]
[Site "Chess.com"]
[Date "2023.05.20"]
[Round "-"]
[White "lateforthesky"]
[Black "AdamOwls"]
[Result "1-0"]
[WhiteElo "2101"]
[BlackElo "1946"]
[TimeControl "300"]
[EndTime "12:49:28 PDT"]
[Termination "lateforthesky won by checkmate"]

1. e4 c6 2. Nf3 d5 3. exd5 cxd5 4. Ne5 Nc6 5. Bb5 Bd7 6. Nxd7 Qxd7 7. d4 a6 8. Be2 Nf6 9. c3 e6 10. Bf4 Bd6 11.
Bxd6 Qxd6 12. O-O O-O 13. Nd2 Rac8 14. Nf3 Ne7 15. Ne5 Qd8 16. Bd3 Nc6 17. f4 Ne7 18. Qe2 Rc7 19. Rf3 Nc8 20. f5 exf5 21. Rxf5 Nd6 22. Rf4 Nde4 23. Raf1 b5 24. a3 h6 25. h3 Ng3 26. Qf3 Nxf1 27. Qxf1 Rb7 28.
Qe2 Qb8 29. Rxf6 gxf6 30. Qg4+ Kh8 31. Qf5 fxe5 32. Qh7# 1-0